 Dungeon Crawl Stone Soup version 0.31-a0-455-g1a7b003ef0 (webtiles) character file.

Game seed: 15346674671868359466

615945 cforsyth the Unforgettable (level 27, -39/222 HPs)
             Began as a Gnoll Artificer on Aug 2, 2023.
             Was the Champion of Hepliaklqana.
             Killed from afar by Boukonu the pandemonium lord (60 damage)
             ... with a bolt of dispelling energy
             ... on level 5 of a ziggurat on Aug 3, 2023.
             The game lasted 04:16:13 (115663 turns).

cforsyth the Unforgettable (Gnoll Artificer)      Turns: 115663, Time: 04:16:13

Health: -39/222    AC: 38    Str: 18    XL:     27
Magic:  4/46       EV: 12    Int: 24    God:    Hepliaklqana [******]
Gold:   7895       SH: 16    Dex: 12    Spells: 18/64 levels left

rFire   + + +        c - +9 demon trident (elec)
rCold   + . .        U - +2 kite shield "Ruorghen" {Str+2}
rNeg    + + .        X - +7 plate armour of the Lair of Beasts {Rampage Will+}
rPois   +            r - +2 helmet {SInv}
rElec   +            H - +2 cloak {Will+}
rCorr   +            w - +0 pair of gloves of Reason {rF+ Will+ Str+3}
SInv    +            a - +1 pair of boots "Baenn" {rElec rC+ rCorr}
Will    +++++        D - amulet of Goimn {Acrobat rPois rF+}
Stlth   +++          p - ring "Qovacvets" {Wiz rF+ rN+ Int+3}
HPRegen 0.57/turn    s - ring of Balance {Contam rPois rN+ Int+3 Slay+6}
MPRegen 0.30/turn

%: acrobat, rampage, wizardry (x1)
@: studying 2 skills
A: reduced essence, fangs 1, strong nose, distributed training, dopey 2, robust
1, weak 1, no potion heal 1
}: 3/15 runes: barnacled, silver, gossamer
a: Renounce Religion, Recall Ancestor, Ancestor Identity, Transference, Idealise


You were on level 5 of a ziggurat.
You worshipped Hepliaklqana.
Hepliaklqana was exalted by your worship.
You visited 12 branches of the dungeon, and saw 52 of its levels.
You visited 1 ziggurat, and saw 5 of its levels.
You also visited: Bailey, Gauntlet and Ice Cave.

You collected 9239 gold pieces.
You spent 1344 gold pieces at shops.

Inventory:

Hand Weapons
 c - a +9 demon trident of electrocution (weapon)
 y - the +11 Singing Sword {sonic wave}
   (You found it on level 3 of the Realm of Zot)
 A - the +27 heavy crossbow "Sniper" {heavy, Acc+∞ SInv}
   (You found it on level 5 of the Vaults)

   Acc+∞: It never misses its target.
   SInv:      It lets you see invisible.
Armour
 a - the +1 pair of boots "Baenn" (worn) {rElec rC+ rCorr}
   (You acquired it on level 11 of the Dungeon)

   rC:        It protects you from cold.
   rElec:     It insulates you from electricity.
   rCorr:     It protects you from acid and corrosion.
 r - a +2 helmet of see invisible (worn)
 w - the +0 pair of gloves of Reason (worn) {rF+ Will+ Str+3}
   (You found it on level 3 of the Depths)

   Str:       It affects your strength (+3).
   rF:        It protects you from fire.
   Will:      It increases your willpower.
 H - a +2 cloak of willpower (worn)
 U - the +2 kite shield "Ruorghen" (worn) {Str+2}
   (You found it on level 3 of the Depths)

   Str:       It affects your strength (+2).
 X - the +7 plate armour of the Lair of Beasts (worn) {Rampage Will+}
   (You found it on level 3 of the Depths)

   Rampage:   It bestows one free step when moving towards enemies.
   Will:      It increases your willpower.
Jewellery
 p - the ring "Qovacvets" (left hand) {Wiz rF+ rN+ Int+3}
   (You took it off a frost giant on level 5 of the Vaults)

   [ring of wizardry]

   It improves your spell success rate.
   Int:       It affects your intelligence (+3).
   rF:        It protects you from fire.
   rN:        It protects you from negative energy.
 q - the ring "Wastiu Vaohu" {rF+ rN+ Will+ MP+9 Dex-3}
   (You found it on level 3 of the Realm of Zot)

   [ring of magical power]

   Dex:       It affects your dexterity (-3).
   rF:        It protects you from fire.
   rN:        It protects you from negative energy.
   MP:        It affects your magic capacity (+9).
   Will:      It increases your willpower.
 s - the ring of Balance (right hand) {Contam rPois rN+ Int+3 Slay+6}
   (You found it on level 3 of the Crypt)

   [ring of positive energy]

   Int:       It affects your intelligence (+3).
   Slay:      It affects your accuracy & damage with ranged weapons and melee
   (+6).
   rPois:     It protects you from poison.
   rN:        It protects you from negative energy.
   Contam:    It causes magical contamination when unequipped.
 D - the amulet of Goimn (around neck) {Acrobat rPois rF+}
   (You took it off an ironbound convoker on level 4 of the Vaults)

   [amulet of the acrobat]

   It increases your evasion while moving and waiting.
   rF:        It protects you from fire.
   rPois:     It protects you from poison.
 R - the ring "Datena Mani" {Fire Str+6 Slay+4}
   (You found it on level 3 of the Realm of Zot)

   [ring of fire]

   It enhances your fire magic.
   Str:       It affects your strength (+6).
   Slay:      It affects your accuracy & damage with ranged weapons and melee
   (+4).
   rF:        It protects you from fire.
   rC:        It makes you vulnerable to cold.
Wands
 d - a wand of charming (71)
 e - a wand of iceblast (25)
 h - a wand of polymorph (11)
 i - a wand of flame (147)
 u - a wand of mindburst (56)
 B - a wand of digging (6)
 Z - a wand of acid (35)
Scrolls
 j - 5 scrolls of enchant armour
 k - 8 scrolls of teleportation
 o - 11 scrolls of vulnerability
 K - 4 scrolls of revelation
 L - 5 scrolls of butterflies
 M - 6 scrolls of poison
 N - 7 scrolls of fog
 S - 4 scrolls of fear
 V - 5 scrolls of silence
Potions
 b - 9 potions of mutation
 f - 5 potions of invisibility
 l - 5 potions of heal wounds
 m - 5 potions of resistance
 n - 8 potions of magic
 z - 8 potions of might
 E - 7 potions of brilliance
 F - 9 potions of cancellation
 G - 10 potions of haste
 P - 6 potions of berserk rage
 Q - 3 potions of enlightenment
 T - 10 potions of ambrosia
 W - 12 potions of curing
Miscellaneous
 g - a lightning rod (4/4)
 O - a sack of spiders


   Skills:
 + Level 19.4 Fighting
 + Level 19.2 Short Blades
 + Level 19.2 Long Blades
 + Level 19.2 Axes
 + Level 19.2 Maces & Flails
 + Level 19.2 Polearms
 + Level 19.2 Staves
 + Level 19.2 Ranged Weapons
 + Level 19.2 Throwing
 + Level 19.7 Armour
 + Level 19.4 Dodging
 + Level 19.3 Stealth
 + Level 19.2 Shields
 + Level 19.2 Unarmed Combat
 + Level 19.2 Spellcasting
 + Level 16.4 Conjurations
 + Level 16.4 Hexes
 + Level 16.4 Summonings
 + Level 18.0 Necromancy
 + Level 16.4 Translocations
 + Level 16.4 Transmutations
 + Level 17.8 Fire Magic
 + Level 16.4 Ice Magic
 + Level 16.4 Air Magic
 + Level 16.4 Earth Magic
 + Level 16.4 Poison Magic
 + Level 20.8 Invocations
 + Level 20.1 Evocations
 + Level 16.4 Shapeshifting


You had 18 spell levels left.
You knew the following spells:

 Your Spells              Type           Power      Damage    Failure   Level
a - Wereblood             Tmut           80%        N/A       1%          2
b - Manifold Assault      Tloc           80%        N/A       1%          4
c - Iskenderun's Mystic   Conj/Tloc      80%        2d16      1%          4
d - Blink                 Tloc           100%       N/A       1%          2
e - Borgnjor's Vile Clut  Necr/Erth      41%        N/A       1%          5
f - Silence               Hex/Air        40%        N/A       1%          5
g - Irradiate             Conj/Tmut      40%        3d25      1%          5
h - Summon Mana Viper     Hex/Summ       80%        N/A       1%          5
i - Haunt                 Necr/Summ      41%        N/A       8%          7
j - Summon Hydra          Summ           40%        N/A       11%         7

Your spell library contained the following spells:

 Spells                   Type           Power      Damage    Failure   Level
 Foxfire                  Conj/Fire      100%       2x1d9     0%          1
 Kiss of Death            Conj/Necr      100%       2d13      0%          1
 Necrotise                Necr           100%       1d9       0%          1
 Apportation              Tloc           100%       N/A       1%          1
 Freeze                   Ice            100%       1d10      1%          1
 Magic Dart               Conj           100%       1d8       1%          1
 Sandblast                Erth           100%       2d20      1%          1
 Summon Small Mammal      Summ           100%       N/A       1%          1
 Cigotuvi's Dreadful Rot  Necr/Pois/Air  100%       N/A       1%          2
 Ensorcelled Hibernation  Hex/Ice        100%       N/A       1%          2
 Lesser Beckoning         Tloc           100%       N/A       1%          2
 Momentum Strike          Conj/Tloc      100%       3d10      1%          2
 Passwall                 Tmut/Erth      66%        N/A       1%          2
 Poisonous Vapours        Pois/Air       100%       N/A       1%          2
 Searing Ray              Conj           100%       2d8       1%          2
 Static Discharge         Conj/Air       100%       2-7/arc   1%          2
 Sublimation of Blood     Necr           83%        N/A       1%          2
 Call Canine Familiar     Summ           80%        N/A       1%          3
 Confusing Touch          Hex            80%        N/A       1%          3
 Frozen Ramparts          Ice            100%       1d16      1%          3
 Gell's Gravitas          Tloc           80%        N/A       1%          3
 Hailstorm                Conj/Ice       80%        3d16      1%          3
 Ignite Poison            Fire/Tmut/Pois 81%        N/A       1%          3
 Mephitic Cloud           Conj/Pois/Air  80%        N/A       1%          3
 Ozocubu's Armour         Ice            80%        N/A       1%          3
 Stone Arrow              Conj/Erth      100%       3d13      1%          3
 Summon Guardian Golem    Hex/Summ       80%        N/A       1%          3
 Swiftness                Air            80%        N/A       1%          3
 Teleport Other           Tloc           80%        N/A       1%          3
 Vampiric Draining        Necr           83%        2d11      1%          3
 Vhi's Electric Charge    Tloc/Air       100%       N/A       1%          3
 Volatile Blastmotes      Fire/Tloc      100%       2d18      1%          3
 Airstrike                Air            40%        2d(6-22)  1%          4
 Anguish                  Hex/Necr       41%        N/A       1%          4
 Animate Armour           Summ/Erth      100%       N/A       1%          4
 Animate Dead             Necr           83%        N/A       1%          4
 Dispel Undead            Necr           83%        3d27      1%          4
 Fulminant Prism          Conj/Hex       40%        3d19      1%          4
 Leda's Liquefaction      Hex/Erth       40%        N/A       1%          4
 Passage of Golubria      Tloc           80%        N/A       1%          4
 Petrify                  Tmut/Erth      80%        N/A       1%          4
 Sticky Flame             Conj/Fire      81%        2d9       1%          4
 Summon Lightning Spire   Summ/Air       80%        N/A       1%          4
 Alistair's Intoxication  Tmut/Pois      53%        N/A       1%          5
 Arcjolt                  Conj/Air       40%        1d50      1%          5
 Freezing Cloud           Conj/Ice/Air   40%        6-21      1%          5
 Iskenderun's Battlesphe  Conj           80%        2d13      1%          5
 Lee's Rapid Deconstruct  Erth           40%        3d20*     1%          5
 Metabolic Englaciation   Hex/Ice        40%        N/A       1%          5
 Summon Forest            Summ/Tloc      40%        N/A       1%          5
 Conjure Ball Lightning   Conj/Air       40%        3x3d13    1%          6
 Death Channel            Necr           41%        N/A       1%          6
 Dispersal                Tloc           40%        N/A       1%          6
 Leda's Unmaking          Conj/Erth      40%        9d7       1%          6
 Plasma Beam              Fire/Air       40%        2x1d54    1%          6
 Summon Cactus Giant      Summ           40%        N/A       1%          6
 Orb of Destruction       Conj           40%        9d11      11%         7
 Ozocubu's Refrigeration  Ice            40%        4d16      11%         7
 Spellforged Servitor     Conj/Summ      40%        N/A       11%         7
 Borgnjor's Revivificati  Necr           41%        N/A       38%         8
 Infestation              Necr           41%        N/A       38%         8
 Ignition                 Fire           41%        3d12      41%         8
 Discord                  Hex            40%        N/A       58%         8
 Disjunction              Tloc           40%        N/A       58%         8
 Lehudib's Crystal Spear  Conj/Erth      40%        10d10     58%         8
 Summon Horrible Things   Summ           40%        N/A       58%         8
 Death's Door             Necr           41%        N/A       99%         9
 Chain Lightning          Conj/Air       40%        3d53      100%        9
 Fire Storm               Conj/Fire      40%        8d10      100%        9


Dungeon Overview and Level Annotations

Branches:
Dungeon (15/15)            Temple (1/1) D:6            Lair (5/5) D:8
 Shoals (4/4) Lair:3       Spider (4/4) Lair:3        Slime (0/5) Lair:5
    Orc (2/2) D:12            Elf (3/3) Orc:2        Vaults (5/5) D:14
  Crypt (3/3) Vaults:3       Tomb (1/3) Crypt:3      Depths (4/4) D:15
    Zot (5/5) Depths:4     Bailey (visited)           IceCv (visited)
Gauntlet (visited)

Altars:
Ashenzari
Cheibriados
Dithmenos
Elyvilon
Fedhas
Gozag
Hepliaklqana
Kikubaaqudgha
Makhleb
Nemelex Xobeh
Okawaru
Qazlal
Ru
Sif Muna
Trog
Uskayaw
Vehumet
Wu Jian
Xom
Yredelemnul
Zin
The Shining One

Shops:
D:4 =!?*   D:8 :   D:11 *([   Orc:2 [(:[(   Shoals:2 [   Shoals:3 *
Vaults:3 (   Depths:1 :==   Depths:2 (   Depths:3 (

Portals:
Hell: Depths:1 Depths:2 Depths:3 Depths:4
Abyss: Depths:3 Depths:4
Pandemonium: Depths:1 Depths:2
Trove: Depths:4 (give 2 scrolls of acquirement)

Annotations:
Vaults:2 Joextigh's ghost, veteran KoHu


Innate Abilities, Weirdness & Mutations

Your life essence is reduced to manifest your ancestor. (-10% HP)
You have very sharp teeth.
Your uncanny sense of smell can sniff out nearby items.
Your experience applies equally to all skills.
You are very dopey. (Int -4)
You are robust. (+10% HP)
You are weak. (Str -2)
Potions are less effective at restoring your health.


Message History

Your mana viper dies!
Your mana viper disappears in a puff of smoke!
The bolt of dispelling energy hits you!
* * * LOW HITPOINT WARNING * * *
Boukonu is engulfed in freezing vapours.
Reach: c) +9 demon trident (elec)
Press: ? - help, Dir - move target, f/p - Boukonu
Aim: Boukonu (freezing vapour, severely wounded, slow, weak-willed, ally target, about 13% to evade your +9 demon trident of electrocution)
You could not reach far enough!
Boukonu is engulfed in freezing vapours.
Boukonu gestures at you.
The bolt of dispelling energy hits your eight-headed hydra!!
The bolt of dispelling energy hits you!
* * * LOW HITPOINT WARNING * * *
Reach: c) +9 demon trident (elec)
Press: ? - help, Dir - move target, f/p - Boukonu
Aim: Boukonu (severely wounded, slow, weak-willed, ally target, about 13% to evade your +9 demon trident of electrocution)
You could not reach far enough!
The hydra shaped block of ice melts away.
The mana viper shaped block of ice melts away.
The hydra shaped block of ice melts away.
Your eight-headed hydra bites Boukonu!
Your eight-headed hydra bites Boukonu but does no damage. x2
Your eight-headed hydra bites Boukonu. x3
Your eight-headed hydra barely misses Boukonu.
Your eight-headed hydra bites Boukonu.
Reach: c) +9 demon trident (elec)
Press: ? - help, Dir - move target, f/p - Boukonu
Aim: Boukonu (severely wounded, not watching you, slow, weak-willed, ally target, about 13% to evade your +9 demon trident of electrocution)
Okay, then.
Unknown command.
Your system partially rejects the healing.
You feel much better.
The green death shaped block of ice melts away.
Boukonu gestures at your eight-headed hydra.
The bolt of dispelling energy hits your eight-headed hydra!!!
Your eight-headed hydra dies!
Your eight-headed hydra's corpse disappears in a puff of smoke!
The bolt of dispelling energy hits you!!!
You die...

▓▓▓▓▓▓▓▓▓
▓.......▓
▓▓▓▓.......▓▓▓▓
▓.............▓
▓..°......@...▓
▓..°○○....§.|☼▓
▓∩...§§...&.§°▓
▓..°°○......§§▓
▓..°.......8☼§▓
▓...°○○...88§○▓
▓▓▓▓○.○.°°.▓▓▓▓
▓○☼...°.▓
▓▓▓▓▓▓▓▓▓


You could see Boukonu (unaware, slow, weak-willed).

Vanquished Creatures
  A pandemonium lord (Zig:3)
  Mara (Depths:1)
  2 juggernauts
  A royal mummy (Tomb:1)
  Saint Roka (Vaults:1)
  A Killer Klown (Zot:1)
  3 curse toes
  2 golden dragons
  A Tzitzimitl (Depths:4)
  Rupert (D:13)
  An electric golem (Zot:2)
  4 tentacled monstrosities
  A lich (Crypt:3)
  2 deep elf master archers (Elf:3)
  2 quicksilver dragons
  The ghost of Mofoompusch the Warrior, an adept NaCA of Ignis (Shoals:2)
  A titan (Depths:2)
  A kraken (Shoals:2)
  Polyphemus (Shoals:4)
  6 ancient champions
  6 death cobs
  8 sphinxes
  5 tengu reavers
  Aizul (Shoals:4)
  Kirke (Lair:3)
  4 draconian monks
  15 storm dragons
  3 shadow dragons
  A revenant (Crypt:3)
  3 fire giants
  2 iron dragons
  3 deep elf sorcerers
  3 emperor scorpions (Spider:4)
  7 frost giants
  3 draconian knights
  7 draconian shifters
  15 vault wardens
  3 deep elf elementalists (Elf:3)
  5 draconian annihilators
  17 stone giants
  3 curse skulls (Crypt:3)
  2 draconian stormcallers
  6 very ugly things
  4 war gargoyles
  9 ghouls
  2 ghost moths
  A formless jellyfish (Vaults:4)
  A demonspawn blood saint (Zig:3)
  9 ironbound preservers
  10 green draconians
  A reaper (Depths:2)
  3 broodmothers
  2 ironbound thunderhulks
  A deep elf demonologist (Vaults:4)
  2 minotaurs
  2 black draconians
  9 purple draconians
  8 vampire knights
  4 deep elf annihilators (Elf:3)
  2 dire elephants (Vaults:3)
  7 white draconians
  6 red draconians
  2 spark wasps
  Snorg (D:12)
  8 yellow draconians
  An eidolon (Crypt:1)
  2 crystal guardians
  2 merfolk javelineers (Shoals:2)
  6 deep elf death magi
  6 fire dragons
  Josephine (D:13)
  2 merfolk impalers
  4 deep elf high priests
  9 ettins
  A spriggan zombie (Crypt:2)
  2 great orbs of eyes
  9 jiangshi
  4 entropy weavers
  Fannar (D:10)
  12 yaktaur captains
  A spriggan skeleton (Crypt:2)
  22 vault guards
  5 ironbound frosthearts
  Harold (Lair:1)
  3 rakshasas
  4 ogre magi
  4 spriggan air magi
  9 hydras
  3 peacekeepers
  3 death knights
  A ghost crab (Spider:1)
  2 catoblepae
  A merfolk avatar (Shoals:2)
  5 radroaches
  7 two-headed ogres
  3 alligator snapping turtles
  5 centaur warriors
  10 satyrs
  6 boulder beetles
  2 tengu warriors
  3 hell hogs (Depths:3)
  5 deep troll shamans
  4 demonic crawlers
  9 death yaks
  3 death scarabs (Tomb:1)
  9 deep troll earth magi
  11 dancing weapons
  7 vampire magi
  2 orc high priests (Orc:2)
  A spriggan berserker (Depths:1)
  4 soul eaters
  4 skysharks
  An emperor scorpion zombie (Crypt:2)
  A fire crab (shapeshifter) (Vaults:1)
  2 sun moths
  A titan skeleton (Crypt:2)
  8 deep elf knights
  A pharaoh ant (Lair:3)
  6 iron trolls
  18 skeletal warriors
  Lodul (D:11)
  2 glowing orange brains
  2 death drakes (Depths:3)
  A ghost moth zombie (Crypt:3)
  3 sea snakes
  A deep troll (shapeshifter) (Depths:2)
  4 orb spiders
  2 anaconda zombies
  2 bog bodies (Crypt:2)
  20 deep trolls
  3 flayed ghosts (Crypt:3)
  9 wizards
  7 deep elf archers
  A wolf spider zombie (D:12)
  11 ironbound convokers
  2 bunyip skeletons
  Pikel (D:4)
  A harpy (shapeshifter) (D:15)
  A swamp dragon (Lair:5)
  3 steelbarb worms
  9 orc knights
  4 phantasmal warriors
  6 necromancers
  15 deep elf pyromancers
  21 harpies
  8 lindwurms
  13 deep elf zephyrmancers
  An oklob plant (Lair:1)
  5 orc sorcerers
  11 wolf spiders
  6 fauns
  7 cyclopes
  30 ugly things
  12 manticores
  An elephant (shapeshifter) (Vaults:5)
  20 moths of wrath
  A moth of wrath (shapeshifter) (Depths:3)
  3 merfolk sirens
  10 vault sentinels
  An ice statue (IceCv)
  9 black mambas
  5 elephants
  2 water nymphs
  5 centaur zombies (D:12)
  A rust devil (D:6)
  12 cane toads
  2 gargoyles
  3 torpor snails
  A centaur skeleton (Crypt:2)
  16 freezing wraiths
  An alligator snapping turtle zombie (Crypt:2)
  3 rime drakes
  A purple draconian zombie (Crypt:1)
  24 yaktaurs
  A kobold demonologist (D:6)
  3 tengu conjurers
  A yellow draconian zombie (Crypt:1)
  A minotaur zombie (Crypt:2)
  11 komodo dragons
  An efreet (Gauntlet)
  5 guardian mummies
  9 ice devils
  An anaconda simulacrum (IceCv)
  A minotaur skeleton (Crypt:3)
  5 trolls
  A black draconian skeleton (Crypt:1)
  A queen bee (D:10)
  A tyrant leech (Lair:3)
  4 meliai
  9 tarantellas
  16 merfolk
  2 polar bears
  3 wind drakes
  A snapping turtle (Shoals:4)
  Grinder (D:3)
  3 hornets
  11 dream sheep
  A stone giant simulacrum (Crypt:1)
  7 blink frogs
  18 jumping spiders
  3 flying skulls (Gauntlet)
  Sigmund (D:5)
  18 culicivoras
  3 shadows (D:12)
  16 slime creatures
  2 air elementals (Elf:1)
  8 wraiths
  3 spriggans
  11 water elementals
  A large abomination (Elf:1)
  5 vampires
  A nameless horror (Shoals:2)
  10 wyverns
  26 yaks
  A fire elemental (Gauntlet)
  5 humans (D:14)
  A black mamba skeleton (Crypt:1)
  A dire elephant simulacrum (IceCv)
  35 redbacks
  A steam dragon (shapeshifter) (Vaults:3)
  11 vampire mosquitoes
  A basilisk (D:13)
  5 wargs
  A redback (shapeshifter) (Elf:1)
  3 death yak simulacra (IceCv)
  A steam dragon (Lair:1)
  2 acid dragons (D:10)
  2 harpy simulacra (IceCv)
  A hydra simulacrum (IceCv)
  21 water moccasins
  A naga skeleton (Crypt:3)
  5 hell hounds
  34 orc warriors
  2 swamp drakes (Lair:5)
  An ice beast (D:4)
  A hornet zombie (Crypt:1)
  3 boggarts
  A manticore zombie (Crypt:3)
  A black bear (Lair:4)
  15 wolves
  11 centaurs
  13 ogres
  An elephant skeleton (Crypt:2)
  2 lemures
  A lindwurm skeleton (Crypt:1)
  A hog skeleton (Crypt:1)
  5 kobold brigands
  An elf zombie (Crypt:1)
  Blork the orc (D:4)
  11 bullfrogs
  5 gnoll sergeants
  4 earth elementals
  4 cane toad simulacra (IceCv)
  A komodo dragon skeleton (Crypt:2)
  4 scorpions
  12 wights
  2 necrophages (Crypt:2)
  A wyvern skeleton (Crypt:2)
  2 elephant simulacra (IceCv)
  11 killer bees (D:10)
  2 electric eels (D:13)
  2 howler monkeys
  18 orc priests
  3 jellies
  Crazy Yiuf (D:7)
  2 gnoll boudas
  3 hounds
  A sleepcap (D:7)
  3 iguanas
  25 orc wizards
  A spriggan simulacrum (IceCv)
  A troll simulacrum (IceCv)
  3 wolf simulacra (IceCv)
  7 mummies (Tomb:1)
  19 gnolls
  5 adders
  2 shadow imps
  10 white imps
  An ufetubus (D:6)
  2 worms
  2 dart slugs
  98 orcs
  8 endoplasms
  4 giant cockroaches
  9 goblins
  10 hobgoblins
  4 jackals
  3 quokkas
  2 training dummies (Depths:2)
  10 ball pythons
  8 bats
  3 frilled lizards
  28 kobolds
  A kobold skeleton (Crypt:2)
  10 rats
1642 creatures vanquished.

Vanquished Creatures (collateral kills)
  A dread lich (Zot:1)
  2 orbs of fire
  Mennas (Vaults:4)
  2 juggernauts (Depths:3)
  2 royal mummies (Tomb:1)
  Bai Suzhen (Shoals:3)
  2 Killer Klowns
  3 curse toes
  4 golden dragons
  A bone dragon (Depths:4)
  2 hellephants (Depths:4)
  A walking crystal tome (Depths:4)
  5 liches
  13 tentacled monstrosities
  3 deep elf blademasters
  3 quicksilver dragons
  3 titans
  5 death cobs
  7 sphinxes
  5 ancient champions
  The ghost of bobo the Warrior, an adept DrSh of Wu Jian (Shoals:3)
  4 draconian monks
  6 shadow dragons
  Roxanne (Spider:3)
  5 storm dragons
  3 tengu reavers
  2 draconian knights
  2 revenants
  7 vault wardens
  An iron dragon (Vaults:5)
  2 deep elf sorcerers (Elf:3)
  3 emperor scorpions
  4 ghost moths
  2 fire giants
  5 draconian scorchers
  3 frost giants
  3 draconian shifters
  2 deep elf elementalists (Elf:3)
  Louise (Shoals:2)
  A juggernaut zombie (Crypt:3)
  An orc warlord (Orc:2)
  3 ironbound preservers
  2 broodmothers (Spider:2)
  2 spriggan defenders
  3 draconian stormcallers
  7 very ugly things
  3 war gargoyles (Vaults:5)
  3 curse skulls (Crypt:3)
  5 ghouls
  4 draconian annihilators
  2 ironbound thunderhulks
  8 stone giants
  5 vampire knights
  2 reapers
  8 black draconians
  8 yellow draconians
  4 deep elf demonologists
  4 deep elf annihilators (Elf:3)
  4 green draconians
  5 purple draconians
  7 red draconians
  10 white draconians
  A minotaur (Shoals:4)
  3 dire elephants (Vaults:3)
  5 deep elf death magi
  A green death (Gauntlet)
  A crystal guardian (Vaults:1)
  2 merfolk javelineers
  5 ettins
  4 fire dragons
  3 merfolk impalers (Shoals:2)
  3 mummy priests
  4 yaktaur captains
  5 jiangshi
  3 entropy weavers
  A spriggan zombie (Crypt:3)
  Erolcha (D:12)
  4 great orbs of eyes
  2 rakshasas (Depths:1)
  10 vault guards
  2 hydras
  An anaconda (shapeshifter) (Depths:4)
  The ghost of Newt the Impaler, a journeyman MfGl of Hepliaklqana (D:12)
  An ogre mage (Depths:2)
  A peacekeeper (Vaults:3)
  6 ice dragons
  A merfolk avatar (Shoals:2)
  A jorogumo (Spider:1)
  3 spriggan air magi (Depths:2)
  2 boulder beetles
  17 dancing weapons
  3 two-headed ogres
  2 centaur warriors (D:14)
  4 death yaks
  2 ironbound frosthearts
  A catoblepas (Lair:5)
  7 deep troll shamans
  5 hell hogs (Depths:4)
  A satyr (shapeshifter) (Depths:4)
  2 death knights
  7 satyrs (Shoals:4)
  A spriggan berserker (D:15)
  3 demonic crawlers
  2 death scarabs (Tomb:1)
  An orc high priest (Orc:2)
  7 deep troll earth magi
  6 deep elf knights
  4 vampire magi
  A skyshark (Shoals:1)
  2 hell knights
  A shadow wraith (Crypt:3)
  A nameless horror (Zot:4)
  3 pharaoh ants
  6 iron trolls
  15 skeletal warriors
  13 deep trolls
  4 sun moths
  7 sea snakes
  A storm dragon skeleton (Crypt:2)
  3 deep elf archers
  7 flayed ghosts
  3 orb spiders (Spider:4)
  A glowing orange brain (Depths:4)
  A bog body (Crypt:2)
  10 harpies
  9 ironbound convokers
  4 lindwurms
  8 deep elf zephyrmancers
  6 wizards
  7 deep elf pyromancers
  An orc knight (Orc:1)
  A necromancer (Crypt:1)
  2 steelbarb worms
  10 phantasmal warriors
  3 cyclopes
  6 fauns (Shoals:4)
  4 orc sorcerers
  4 wolf spiders
  The ghost of bjtr the Digger, a novice GnEE (D:6)
  12 ugly things
  13 manticores
  15 moths of wrath
  A moth of wrath (shapeshifter) (D:13)
  2 merfolk sirens (Shoals:1)
  A dire elephant zombie (Crypt:2)
  A draconian skeleton (Crypt:3)
  3 centaur zombies (D:12)
  A guardian serpent (Lair:5)
  A black mamba (shapeshifter) (D:15)
  A water nymph (Shoals:3)
  5 elephants
  2 rust devils
  3 black mambas
  4 vault sentinels
  A torpor snail (Lair:5)
  An eye of devastation (Zig:1)
  A storm dragon simulacrum (Crypt:1)
  An unseen horror (D:10)
  10 cane toads
  2 tengu conjurers (Depths:1)
  A rime drake (Lair:2)
  5 yaktaurs
  3 komodo dragons
  A kobold demonologist (D:13)
  An alligator snapping turtle skeleton (Crypt:3)
  A centaur skeleton (Crypt:1)
  3 ice devils (IceCv)
  4 freezing wraiths
  3 trolls
  A red devil (Depths:2)
  8 guardian mummies
  A sea snake skeleton (Crypt:2)
  A yellow draconian skeleton (Crypt:3)
  4 hornets
  18 merfolk
  5 tarantellas
  A large abomination (Elf:1)
  14 dream sheep
  5 blink frogs
  8 snapping turtles
  A harpy skeleton (Crypt:2)
  22 slime creatures
  A human simulacrum (Crypt:3)
  7 jumping spiders
  A flying skull (Gauntlet)
  6 water elementals
  A shadow (D:11)
  A dire elephant simulacrum (IceCv)
  5 vampires
  2 basilisks (Lair:1)
  4 spriggans
  5 wraiths
  2 culicivoras
  18 yaks
  2 air elementals
  A hog (Lair:3)
  3 humans (D:14)
  2 steam dragons (Lair:5)
  A fire elemental (Elf:3)
  Grum (D:11)
  19 redbacks
  4 vampire mosquitoes
  6 wyverns
  3 wargs
  2 death yak simulacra (IceCv)
  12 water moccasins
  2 acid dragons (Lair:5)
  A floating eye (shapeshifter) (Vaults:1)
  A swamp drake (Lair:5)
  14 orc warriors
  11 wolves
  4 ogres
  7 centaurs
  9 kobold brigands
  An elf zombie (Elf:1)
  4 necrophages
  An earth elemental (Elf:2)
  5 bullfrogs
  A wyvern zombie (Crypt:3)
  A cane toad simulacrum (IceCv)
  A yak zombie (Crypt:1)
  2 elephant simulacra (IceCv)
  6 killer bees (D:10)
  A howler monkey (D:13)
  4 electric eels
  2 black bear zombies
  A basilisk zombie (Crypt:3)
  10 orc priests
  3 jellies (Lair:5)
  10 orc wizards
  A spriggan simulacrum (IceCv)
  3 polar bear simulacra (IceCv)
  8 mummies (Tomb:1)
  9 gnolls
  2 naga simulacra (IceCv)
  4 white imps (D:11)
  An ufetubus (IceCv)
  44 orcs
  An endoplasm (Lair:5)
  A training dummy (Depths:2)
  8 kobolds
  2 butterflies (Lair:2)
  A tentacle (Shoals:2)
1009 creatures vanquished.

Vanquished Creatures (others)
  An Executioner (Zig:5)
  A draconian knight (Zot:1)
  A draconian shifter (Zot:4)
  An orc warlord (Vaults:4)
  A lorocyproca (Zig:5)
  A green death (Zig:5)
  A ghost crab (Spider:1)
  A phantasmal warrior (Depths:2)
  A wizard (Depths:1)
  A deep elf zephyrmancer (Elf:2)
  An ugly thing (D:15)
  A torpor snail (Spider:1)
  A tormentor (Zig:5)
  4 tyrant leeches (Spider:1)
  A tarantella (Spider:1)
  An air elemental (Elf:1)
  A chaos spawn (Zig:5)
  4 humans (Lair:3)
  Menkaure (D:6)
  113 battlemagi
  2 ancestors (D:8)
  4 tentacles (Shoals:2)
144 creatures vanquished.

Grand Total: 2795 creatures vanquished

Notes
Turn   | Place    | Note
-------+----------+-------------------------------------------
     0 | D:1      | cforsyth the Gnoll Artificer began the quest for the Orb.
     0 | D:1      | Reached XP level 1. HP: 17/17 MP: 1/1
   182 | D:1      | Reached XP level 2. HP: 17/23 MP: 2/2
   705 | D:1      | Reached XP level 3. HP: 21/28 MP: 3/3
  1006 | D:2      | Reached skill level 1 in Invocations
  1086 | D:2      | Reached skill level 1 in Short Blades
  1086 | D:2      | Reached skill level 1 in Long Blades
  1086 | D:2      | Reached skill level 1 in Axes
  1086 | D:2      | Reached skill level 1 in Maces & Flails
  1086 | D:2      | Reached skill level 1 in Polearms
  1086 | D:2      | Reached skill level 1 in Staves
  1086 | D:2      | Reached skill level 1 in Ranged Weapons
  1086 | D:2      | Reached skill level 1 in Throwing
  1086 | D:2      | Reached skill level 1 in Shields
  1086 | D:2      | Reached skill level 1 in Unarmed Combat
  1086 | D:2      | Reached skill level 1 in Spellcasting
  1204 | D:2      | Reached XP level 4. HP: 34/34 MP: 5/5
  1564 | D:3      | Reached skill level 1 in Conjurations
  1564 | D:3      | Reached skill level 1 in Hexes
  1564 | D:3      | Reached skill level 1 in Summonings
  1564 | D:3      | Reached skill level 1 in Necromancy
  1564 | D:3      | Reached skill level 1 in Translocations
  1564 | D:3      | Reached skill level 1 in Transmutations
  1564 | D:3      | Reached skill level 1 in Fire Magic
  1564 | D:3      | Reached skill level 1 in Ice Magic
  1564 | D:3      | Reached skill level 1 in Air Magic
  1564 | D:3      | Reached skill level 1 in Earth Magic
  1564 | D:3      | Reached skill level 1 in Poison Magic
  1564 | D:3      | Reached skill level 1 in Shapeshifting
  1656 | D:3      | Reached XP level 5. HP: 30/40 MP: 5/7
  1984 | D:3      | Noticed a kobold brigand
  1984 | D:3      | Noticed a kobold brigand
  1993 | D:3      | Killed a kobold brigand
  1994 | D:3      | Reached XP level 6. HP: 17/46 MP: 8/8
  2160 | D:3      | Found an ancient bone altar of Kikubaaqudgha.
  2205 | D:3      | Found a blossoming altar of Fedhas.
  2425 | D:3      | HP: 1/46 [kobold brigand/+2 dagger of venom (6)]
  2428 | D:3      | Reached skill level 5 in Armour
  2796 | D:4      | Found Otywihah's General Store.
  2837 | D:4      | Found a white marble altar of Elyvilon.
  2993 | D:4      | Noticed Pikel
  3218 | D:4      | Noticed Grinder
  3275 | D:3      | Paralysed by Grinder for 4 turns
  3302 | D:3      | Killed Grinder
  3303 | D:3      | Reached XP level 7. HP: 40/53 MP: 10/10
  3374 | D:4      | Found Mihad's Distillery.
  3409 | D:4      | Found Ruklo's Jewellery Boutique.
  3752 | D:4      | Found Ipixi Ziepp's Magic Scroll Shop.
  3823 | D:4      | Noticed Blork the orc
  3828 | D:4      | Killed Blork the orc
  3829 | D:4      | Reached XP level 8. HP: 60/60 MP: 12/12
  3983 | D:4      | Killed Pikel
  4141 | D:5      | Entered Level 5 of the Dungeon
  4369 | D:5      | Noticed Sigmund
  4373 | D:5      | Killed Sigmund
  4770 | D:5      | Reached XP level 9. HP: 33/66 MP: 14/14
  5095 | D:6      | Noticed Menkaure
  5099 | D:6      | Your ally Menkaure died
  5106 | D:6      | Found a staircase to the Ecumenical Temple.
  5312 | D:6      | Reached skill level 5 in Fighting
  5312 | D:6      | Reached skill level 5 in Dodging
  5471 | Temple   | Found a transporter.
  5471 | Temple   | Found a transporter.
  5471 | Temple   | Found a transporter.
  5471 | Temple   | Found a transporter.
  5471 | Temple   | Entered the Ecumenical Temple
  5489 | Temple   | Became a worshipper of Hepliaklqana the Forgotten
  5609 | D:5      | Noticed a rust devil
  5609 | D:5      | Identified the +9 halberd of Earthquakes {holy, Fly rPois
                  | Str-5 Int+2}
  5609 | D:5      | Noticed a rust devil
  5620 | D:6      | Killed a rust devil
  5621 | D:6      | Reached skill level 5 in Stealth
  5716 | D:6      | Found a runed translucent gate.
  5717 | D:6      | Found a runed translucent gate.
  5717 | D:6      | Noticed bjtr's ghost (novice GnEE)
  5718 | D:6      | Found a runed translucent gate.
  5721 | D:6      | Noticed a kobold demonologist
  5957 | D:7      | Identified a scroll of acquirement
  5957 | D:7      | Acquired a +5 demon trident of electrocution
  5979 | D:7      | Found a flagged portal.
  5988 | Bailey   | Entered a bailey
  6120 | Bailey   | Reached skill level 5 in Invocations
  6331 | Bailey   | Reached skill level 5 in Conjurations
  6331 | Bailey   | Reached skill level 5 in Hexes
  6331 | Bailey   | Reached skill level 5 in Summonings
  6331 | Bailey   | Reached skill level 5 in Necromancy
  6331 | Bailey   | Reached skill level 5 in Translocations
  6331 | Bailey   | Reached skill level 5 in Transmutations
  6331 | Bailey   | Reached skill level 5 in Fire Magic
  6331 | Bailey   | Reached skill level 5 in Ice Magic
  6331 | Bailey   | Reached skill level 5 in Air Magic
  6331 | Bailey   | Reached skill level 5 in Earth Magic
  6331 | Bailey   | Reached skill level 5 in Poison Magic
  6331 | Bailey   | Reached skill level 5 in Shapeshifting
  6331 | Bailey   | Reached XP level 10. HP: 75/77 MP: 19/19
  6442 | Bailey   | Noticed an orc knight
  6447 | Bailey   | Killed an orc knight
  6822 | Bailey   | Reached XP level 11. HP: 66/83 MP: 20/20
  7003 | Bailey   | Noticed an orc knight
  7023 | Bailey   | Killed an orc knight
  7613 | D:7      | Found a runed translucent door.
  7614 | D:7      | Noticed Crazy Yiuf
  7882 | D:7      | Noticed a deep elf pyromancer
  7888 | D:7      | Killed a deep elf pyromancer
  8339 | D:7      | Killed Crazy Yiuf
  8532 | D:8      | Reached * piety under Hepliaklqana
  8546 | D:8      | Noticed a boulder beetle
  8558 | D:8      | Killed a boulder beetle
  8637 | D:8      | Found Ocom's Tiny Tomes.
  8965 | D:8      | Found a staircase to the Lair.
  9744 | D:9      | Reached ** piety under Hepliaklqana
  9745 | D:9      | Remembered your ancestor Thulani as a battlemage
 10173 | D:10     | Entered Level 10 of the Dungeon
 10313 | D:10     | Noticed Fannar
 10323 | D:10     | Killed Fannar
 10996 | D:10     | Reached XP level 12. HP: 63/82 MP: 22/22
 11561 | D:11     | Noticed Grum
 11572 | D:11     | Killed Grum
 11649 | D:11     | Found a frozen archway.
 11690 | IceCv    | Entered an ice cave
 11697 | IceCv    | Reached skill level 10 in Evocations
 12096 | IceCv    | Found an ancient bone altar of Kikubaaqudgha.
 14123 | D:11     | Found Dorph's Antique Weapon Emporium.
 14204 | D:11     | Found Ediymuil's General Store.
 14302 | D:11     | Reached *** piety under Hepliaklqana
 14342 | D:11     | Found a glowing golden altar of the Shining One.
 14457 | D:11     | Found Gusyzul's Armour Shoppe.
 14615 | D:11     | Noticed Lodul
 14617 | D:11     | Reached XP level 13. HP: 89/89 MP: 25/25
 14625 | D:11     | Killed Lodul
 14892 | D:12     | Found a bloodstained altar of Trog.
 15456 | D:12     | Noticed Erolcha
 15468 | D:12     | Killed Erolcha
 15688 | D:11     | Acquired 703 gold pieces
 15689 | D:11     | Acquired the +1 pair of boots "Baenn" {rElec rC+ rCorr}
 15818 | D:12     | Noticed Snorg
 15832 | D:12     | Killed Snorg
 15935 | D:12     | Reached skill level 10 in Armour
 16099 | D:12     | Found a runed translucent gate.
 16101 | D:12     | Found a runed translucent gate.
 16102 | D:12     | Found a runed translucent gate.
 16105 | D:12     | Noticed Newt's ghost (journeyman MfGl)
 16434 | D:12     | Found a staircase to the Orcish Mines.
 16537 | D:12     | Killed Newt's ghost
 16735 | Lair:1   | Entered Level 1 of the Lair of Beasts
 17022 | Lair:1   | Reached XP level 14. HP: 27/97 MP: 27/27
 17662 | Lair:1   | Reached skill level 10 in Invocations
 18063 | Lair:1   | Noticed Harold
 18073 | Lair:1   | Killed Harold
 18103 | Lair:1   | Learned a level 2 spell: Wereblood
 18108 | Lair:1   | Learned a level 4 spell: Manifold Assault
 18113 | Lair:1   | Learned a level 4 spell: Iskenderun's Mystic Blast
 18116 | Lair:1   | Learned a level 2 spell: Blink
 18645 | D:6      | Killed bjtr's ghost
 18827 | Lair:1   | Reached **** piety under Hepliaklqana
 19087 | Lair:2   | Got the Essays on Turbulent Clay
 19198 | Lair:2   | Found a gate leading to a gauntlet.
 19207 | Gauntlet | Entered a Gauntlet
 19207 | Gauntlet | Found a transporter.
 19207 | Gauntlet | Found a transporter.
 19211 | Gauntlet | Found a transporter.
 19211 | Gauntlet | Found a transporter.
 19220 | Gauntlet | Found a transporter.
 19239 | Gauntlet | Found a transporter.
 19245 | Gauntlet | Found a large runed translucent door.
 19246 | Gauntlet | Found a large runed translucent door.
 19248 | Gauntlet | Found a runed translucent gate.
 19249 | Gauntlet | Found a transporter.
 19249 | Gauntlet | Found a transporter.
 19249 | Gauntlet | Found a runed translucent gate.
 19250 | Gauntlet | Found a runed translucent gate.
 19252 | Gauntlet | Found a large runed translucent door.
 19253 | Gauntlet | Found a large runed translucent door.
 19265 | Gauntlet | Found a large runed translucent door.
 19265 | Gauntlet | Found a large runed translucent door.
 19266 | Gauntlet | Found a large runed translucent door.
 19266 | Gauntlet | Found a large runed translucent door.
 19273 | Gauntlet | Found a transporter.
 19276 | Gauntlet | Found a large runed translucent door.
 19276 | Gauntlet | Found a large runed translucent door.
 19276 | Gauntlet | Found a runed translucent door.
 19276 | Gauntlet | Found a runed translucent door.
 19277 | Gauntlet | Found a large runed translucent door.
 19278 | Gauntlet | Found a large runed translucent door.
 19280 | Gauntlet | Found a transporter.
 19294 | Gauntlet | Found a transporter.
 19318 | Gauntlet | Found a transporter.
 19354 | Gauntlet | Found a transporter.
 19370 | Gauntlet | Found a transporter.
 19469 | Gauntlet | Found a transporter.
 19485 | Gauntlet | Found a transporter.
 19501 | Gauntlet | Found a large runed translucent door.
 19501 | Gauntlet | Found a large runed translucent door.
 19502 | Gauntlet | Found a large runed translucent door.
 19503 | Gauntlet | Found a large runed translucent door.
 19906 | Gauntlet | Identified the amulet "Nihuc" {Regen+ Str+3}
 19952 | Gauntlet | Identified the ring "Alymnulo" {rC+ EV+5 Str-4 Dex+7}
 20005 | Gauntlet | Identified the staff "Utwac" {+Blink rC++ Earth}
 20023 | Gauntlet | Got Osez's Anthology of Fascination
 20261 | Lair:2   | Identified the +1 ring mail "Varak" {rC+}
 20490 | Lair:2   | Reached skill level 10 in Fighting
 20490 | Lair:2   | Reached skill level 10 in Dodging
 20752 | Lair:3   | Reached skill level 10 in Stealth
 21212 | Lair:3   | Reached ***** piety under Hepliaklqana
 21349 | Lair:3   | Noticed Kirke
 21359 | Lair:3   | Noticed a sphinx
 21362 | Lair:3   | Killed Kirke
 21426 | Lair:3   | Found a hole to the Spider Nest.
 21789 | Lair:3   | Found a staircase to the Shoals.
 22230 | Lair:4   | Reached XP level 15. HP: 104/104 MP: 28/28
 22244 | Lair:4   | Reached skill level 10 in Short Blades
 22244 | Lair:4   | Reached skill level 10 in Long Blades
 22244 | Lair:4   | Reached skill level 10 in Axes
 22244 | Lair:4   | Reached skill level 10 in Maces & Flails
 22244 | Lair:4   | Reached skill level 10 in Polearms
 22244 | Lair:4   | Reached skill level 10 in Staves
 22244 | Lair:4   | Reached skill level 10 in Ranged Weapons
 22244 | Lair:4   | Reached skill level 10 in Throwing
 22244 | Lair:4   | Reached skill level 10 in Shields
 22244 | Lair:4   | Reached skill level 10 in Unarmed Combat
 22244 | Lair:4   | Reached skill level 10 in Spellcasting
 22400 | Lair:4   | Identified the +7 quarterstaff of Offence {venom, SInv}
 22602 | Lair:4   | Found a white marble altar of Elyvilon.
 23629 | Lair:5   | Entered Level 5 of the Lair of Beasts
 24796 | Lair:5   | Found a stormy altar of Qazlal.
 25703 | Lair:5   | Reached XP level 16. HP: 111/112 MP: 30/30
 25873 | Lair:5   | Found a runed translucent door.
 25875 | Lair:5   | Found a staircase to the Slime Pits.
 26050 | Lair:5   | Got the Opusculum on Nasty Air
 26346 | Orc:1    | Entered Level 1 of the Orcish Mines
 26843 | Orc:2    | Entered Level 2 of the Orcish Mines
 26964 | Orc:2    | Paralysed by an orc sorcerer for 3 turns
 27252 | Orc:1    | Learned a level 5 spell: Borgnjor's Vile Clutch
 27286 | Orc:2    | Found Hiysec's Weapon Shop.
 27405 | Orc:1    | Reached ****** piety under Hepliaklqana
 28179 | Orc:2    | Found a staircase to the Elven Halls.
 28204 | Orc:2    | Found Hefuowik's Armour Boutique.
 28317 | Orc:2    | Gained mutation: You are vulnerable to heat. (rF-) [a
                  | neqoxec]
 28321 | Orc:2    | Gained mutation: You do not regenerate when monsters are
                  | visible. [a neqoxec]
 28352 | Orc:2    | Found Duipe's Book Shop.
 28435 | Orc:2    | Lost mutation: You are vulnerable to heat. (rF-) [potion of
                  | mutation]
 28435 | Orc:2    | Lost mutation: You do not regenerate when monsters are
                  | visible. [potion of mutation]
 28435 | Orc:2    | Gained mutation: Potions are less effective at restoring
                  | your health. [potion of mutation]
 28435 | Orc:2    | Gained mutation: You have sharp toenails. [potion of
                  | mutation]
 28436 | Orc:2    | Lost mutation: Potions are less effective at restoring your
                  | health. [potion of mutation]
 28436 | Orc:2    | Lost mutation: You have sharp toenails. [potion of
                  | mutation]
 28436 | Orc:2    | Gained mutation: Your spells are a little easier to cast,
                  | but a little less powerful. [potion of mutation]
 28436 | Orc:2    | Gained mutation: Your spells are easier to cast, but less
                  | powerful. [potion of mutation]
 28436 | Orc:2    | Gained mutation: You possess an exceptional clarity of
                  | mind. [potion of mutation]
 28436 | Orc:2    | Gained mutation: You have a pair of small horns on your
                  | head. [potion of mutation]
 28437 | Orc:2    | Lost mutation: You possess an exceptional clarity of mind.
                  | [potion of mutation]
 28437 | Orc:2    | Lost mutation: You have a pair of small horns on your head.
                  | [potion of mutation]
 28437 | Orc:2    | Lost mutation: Your spells are easier to cast, but less
                  | powerful. [potion of mutation]
 28437 | Orc:2    | Gained mutation: Your muscles are strong. (Str +4, Int/Dex
                  | -1) [potion of mutation]
 28437 | Orc:2    | Gained mutation: You are dopey. (Int -2) [potion of
                  | mutation]
 28437 | Orc:2    | Gained mutation: You are robust. (+10% HP) [potion of
                  | mutation]
 28873 | Orc:2    | Paralysed by an orc sorcerer for 5 turns
 29185 | Orc:2    | Paralysed by an orc sorcerer for 2 turns
 29264 | Orc:2    | Found Boank's Antique Armour Shoppe.
 29266 | Orc:2    | Found Temnoopn's Antique Weapon Emporium.
 29279 | Orc:2    | Bought a polished scarf for 330 gold pieces
 29279 | Orc:2    | Identified the scarf of Gozag, Smoking {harm, rF+ rCorr}
                  | (You bought it in a shop on level 2 of the Orcish Mines)
 29279 | Orc:2    | Bought a pair of runed gloves for 247 gold pieces
 29387 | Orc:2    | Bought the +3 plate armour of Jousepev {Will++ Dex-2} for
                  | 767 gold pieces
 29504 | D:13     | Noticed Josephine
 29513 | D:13     | Killed Josephine
 30327 | D:13     | Noticed a storm dragon
 30406 | D:13     | Killed a storm dragon
 30691 | D:13     | Noticed Rupert
 30702 | D:13     | Killed Rupert
 31826 | D:14     | Reached XP level 17. HP: 104/133 MP: 32/32
 32220 | D:14     | Found a gate to the Vaults.
 32325 | D:15     | Entered Level 15 of the Dungeon
 32638 | D:15     | Found an ancient bone altar of Kikubaaqudgha.
 32971 | D:15     | Reached skill level 10 in Conjurations
 32971 | D:15     | Reached skill level 10 in Hexes
 32971 | D:15     | Reached skill level 10 in Summonings
 32971 | D:15     | Reached skill level 10 in Necromancy
 32971 | D:15     | Reached skill level 10 in Translocations
 32971 | D:15     | Reached skill level 10 in Transmutations
 32971 | D:15     | Reached skill level 10 in Fire Magic
 32971 | D:15     | Reached skill level 10 in Ice Magic
 32971 | D:15     | Reached skill level 10 in Air Magic
 32971 | D:15     | Reached skill level 10 in Earth Magic
 32971 | D:15     | Reached skill level 10 in Poison Magic
 32971 | D:15     | Reached skill level 10 in Shapeshifting
 33899 | D:15     | Found a staircase to the Depths.
 34214 | Spider:1 | Entered Level 1 of the Spider Nest
 34452 | Lair:3   | HP: 6/128 [poisoned by a redback]
 35945 | Lair:3   | Found a hole to the Spider Nest.
 35962 | Lair:3   | Found a staircase to the Shoals.
 37091 | Lair:3   | Found a hole to the Spider Nest.
 37108 | Lair:3   | Found a staircase to the Shoals.
 38475 | Lair:3   | Found a hole to the Spider Nest.
 38585 | Lair:3   | Found a staircase to the Shoals.
 43328 | Spider:2 | Reached XP level 18. HP: 131/141 MP: 34/34
 43871 | Spider:3 | Noticed Roxanne
 44412 | Spider:3 | Killed Roxanne
 44646 | Spider:4 | Entered Level 4 of the Spider Nest
 46949 | Spider:4 | HP: 7/142 [ghost moth (9)]
 47563 | Spider:4 | Got a gossamer rune of Zot
 47877 | Shoals:1 | Entered Level 1 of the Shoals
 47890 | Lair:3   | Learned a level 5 spell: Summon Mana Viper
 47896 | Lair:3   | Learned a level 5 spell: Irradiate
 48081 | Shoals:1 | Acquired 722 gold pieces
 48082 | Shoals:1 | Acquired the +0 pair of boots of Tempters {Dex+3 Slay+4}
 49077 | Shoals:2 | Found Xunoc's Armour Shop.
 49344 | Shoals:2 | Noticed Louise
 49354 | Shoals:2 | Killed Louise
 49957 | Shoals:2 | Found a transporter.
 49990 | Shoals:2 | Found a transporter.
 50135 | Shoals:2 | Reached XP level 19. HP: 129/149 MP: 36/36
 50840 | Shoals:2 | Noticed Mofoompusch's ghost (adept NaCA)
 50972 | Shoals:2 | Killed Mofoompusch's ghost
 51906 | Shoals:2 | Identified the amulet "Pethix" {Spirit rN++ Str+3 Int-4}
 52215 | Shoals:3 | Found a runed translucent door.
 52220 | Shoals:3 | Noticed bobo's ghost (adept DrSh)
 52379 | Shoals:3 | Found Ropsibab's Overcharged Wands.
 52589 | Shoals:3 | Noticed Bai Suzhen
 52602 | Shoals:3 | Killed Bai Suzhen
 52995 | Shoals:3 | Killed bobo's ghost
 53001 | Shoals:3 | Identified the +7 hand axe "Koahib" {spect, rElec rCorr
                  | Stlth+}
 53040 | Shoals:4 | Entered Level 4 of the Shoals
 53148 | Shoals:4 | Noticed Polyphemus
 53425 | Shoals:4 | Killed Polyphemus
 53604 | Shoals:4 | Noticed Aizul
 53616 | Shoals:4 | Killed Aizul
 55066 | Shoals:4 | Reached skill level 15 in Evocations
 55466 | Shoals:4 | Got a barnacled rune of Zot
 55844 | Lair:5   | Reached XP level 20. HP: 156/158 MP: 37/37
 56127 | Vaults:1 | Entered Level 1 of the Vaults
 56231 | Vaults:1 | Noticed Saint Roka
 57125 | Vaults:1 | Killed Saint Roka
 57126 | Vaults:1 | Reached skill level 15 in Invocations
 58082 | Vaults:1 | Identified the +1 trident "Rijixkej" {freeze, *Rage +Blink
                  | rC+ Dex+5}
 58134 | Vaults:1 | HP: 6/159 [yaktaur captain/bolt (14)]
 59529 | Vaults:2 | Got the Volume of Hexing Immolation
 60688 | Vaults:3 | Found Kietetio's Antique Weapon Shoppe.
 60735 | Vaults:3 | HP: 6/160 [vampire knight/+0 war axe (9)]
 61092 | Vaults:3 | Reached skill level 15 in Armour
 61310 | Vaults:3 | Reached XP level 21. HP: 102/166 MP: 39/39
 62347 | Vaults:3 | Found a staircase to the Crypt.
 62993 | Vaults:3 | Found a runed translucent door.
 62993 | Vaults:3 | Found a shimmering altar of Xom.
 62993 | Vaults:3 | Noticed Joextigh's ghost (veteran KoHu)
 63790 | Vaults:2 | You are sucked into a shaft and drop 1 floor!
 65814 | Vaults:4 | Reached skill level 15 in Fighting
 65814 | Vaults:4 | Reached skill level 15 in Dodging
 65910 | Vaults:4 | Noticed Mennas
 65929 | Vaults:4 | Killed Mennas
 65930 | Vaults:4 | Reached skill level 15 in Stealth
 66671 | Elf:1    | Entered Level 1 of the Elven Halls
 66691 | Elf:1    | Found a radiant altar of Vehumet.
 66706 | Elf:1    | Paralysed by an air elemental for 1 turns
 67008 | Elf:1    | Paralysed by an air elemental for 1 turns
 67160 | Elf:1    | Got the Tractate on Despair
 67394 | Elf:1    | Paralysed by an air elemental for 1 turns
 67952 | Elf:2    | Reached skill level 15 in Short Blades
 67952 | Elf:2    | Reached skill level 15 in Long Blades
 67952 | Elf:2    | Reached skill level 15 in Axes
 67952 | Elf:2    | Reached skill level 15 in Maces & Flails
 67952 | Elf:2    | Reached skill level 15 in Polearms
 67952 | Elf:2    | Reached skill level 15 in Staves
 67952 | Elf:2    | Reached skill level 15 in Ranged Weapons
 67952 | Elf:2    | Reached skill level 15 in Throwing
 67952 | Elf:2    | Reached skill level 15 in Shields
 67952 | Elf:2    | Reached skill level 15 in Unarmed Combat
 67952 | Elf:2    | Reached skill level 15 in Spellcasting
 68462 | Elf:2    | Found a radiant altar of Vehumet.
 68551 | Elf:2    | Reached XP level 22. HP: 175/175 MP: 41/41
 68577 | Elf:2    | Found a runed translucent gate.
 68577 | Elf:2    | Found a runed translucent gate.
 68577 | Elf:2    | Found a runed translucent gate.
 69951 | Elf:3    | Entered Level 3 of the Elven Halls
 70882 | Elf:3    | Identified the ring "Zytiem" {rF- rCorr Str+6 Dex+3}
 70885 | Elf:3    | Identified the ring of Hukkiu {rN+ EV+5 Str+4}
 71194 | Elf:3    | Identified the +5 plate armour "Atwukuh" {-Tele Regen+
                  | rCorr Int+4}
 71535 | Elf:3    | Got Mietzin's Sophisticated Thaumaturgy
 71565 | Elf:3    | Got Vokylyli's Monograph on Captivating Feathers
 71779 | Elf:3    | Upgraded the game from 0.31-a0-441-g867994ef1c to
                  | 0.31-a0-455-g1a7b003ef0
 72102 | Crypt:1  | Entered Level 1 of the Crypt
 73388 | Crypt:1  | Reached XP level 23. HP: 145/183 MP: 42/42
 74908 | Crypt:3  | Entered Level 3 of the Crypt
 76939 | Crypt:3  | Found a staircase to the Tomb.
 77961 | Crypt:3  | Noticed a curse toe
 77972 | Crypt:3  | Noticed a curse toe
 77973 | Crypt:3  | Killed a curse toe
 77978 | Crypt:3  | Killed a curse toe
 78173 | Crypt:3  | Found a basalt altar of Yredelemnul.
 78180 | Crypt:3  | Found an ancient bone altar of Kikubaaqudgha.
 78236 | Crypt:3  | Identified the ring of Balance {Contam rPois rN+ Int+3
                  | Slay+6}
 78236 | Crypt:3  | Identified the ring "Yshrynloph" {rC+ rN+ Slay+2}
 78236 | Crypt:3  | Identified the ring "Tosaek" {rN+ Str+5 Dex-5 Stlth+}
 78237 | Crypt:3  | Identified the +4 hand axe of the Walnut {pain, *Rage rF+
                  | Will+ Int+4}
 78436 | Tomb:1   | Entered Level 1 of the Tomb of the Ancients
 78460 | Tomb:1   | Identified the +4 shortbow "Das Ine" {freeze, rElec Str+9
                  | Stlth-}
 78882 | Tomb:1   | Noticed a royal mummy
 78901 | Tomb:1   | Killed a royal mummy
 79182 | Tomb:1   | Noticed a royal mummy
 79191 | Tomb:1   | Killed a royal mummy
 79192 | Tomb:1   | Reached XP level 24. HP: 108/193 MP: 35/43
 79767 | Tomb:1   | Noticed a royal mummy
 80222 | Tomb:1   | Learned a level 5 spell: Silence
 80274 | Tomb:1   | Killed a royal mummy
 83513 | Vaults:5 | Entered Level 5 of the Vaults
 86080 | Vaults:5 | Identified the amulet of Goimn {Acrobat rPois rF+}
 87575 | Vaults:5 | Identified the +2 trident of Abareodi {antimagic, *Rage
                  | rPois Dex+6}
 87607 | Vaults:5 | Identified the +0 rapier of Foolhardiness {drain, Fragile
                  | MP+9 Dex+3 SInv}
 87797 | Vaults:5 | Identified the ring "Qovacvets" {Wiz rF+ rN+ Int+3}
 88372 | Vaults:5 | Got a silver rune of Zot
 88458 | Vaults:5 | Identified the staff "Quivif" {Fragile rPois rC+ rN+ SInv
                  | Necro}
 88909 | Vaults:5 | Identified the +0 hat "Wamuq" {Str+3 Int+2 Dex-2}
 88970 | Vaults:5 | Identified the +3 ring mail "Vepn" {Str+3}
 89043 | Vaults:5 | Found the +27 heavy crossbow "Sniper" {heavy, Acc+∞ SInv}
 89058 | Vaults:5 | Identified the +7 flail of Fee Simple {freeze, +Blink rPois
                  | Will- rCorr}
 89062 | Vaults:5 | Got Sif Muna's Elucidation of Breccia and Adjuration
 89583 | Depths:1 | Entered Level 1 of the Depths
 89593 | Depths:1 | Noticed a juggernaut
 89762 | D:15     | Killed a juggernaut
 89763 | D:15     | Reached XP level 25. HP: 128/201 MP: 41/44
 92749 | Depths:1 | Found a gateway to Hell.
 92823 | Depths:1 | Noticed Mara
 92830 | Depths:1 | Noticed cforsyth's illusion
 92841 | Depths:1 | Killed Mara
 93128 | Depths:1 | Found a one-way gate leading to the halls of Pandemonium.
 93406 | Depths:1 | Found Huistema's Jewellery Emporium.
 93407 | Depths:1 | Found Kizics's Book Shop.
 93408 | Depths:1 | Found Uloleali's Jewellery Emporium.
 94099 | Depths:2 | Found a one-way gateway to a ziggurat.
 94219 | Depths:2 | Found Ereyckei's Firing Range.
 94275 | Depths:2 | Found a transporter.
 94448 | Depths:2 | Found a shimmering blue altar of Sif Muna.
 95126 | Depths:2 | Found a transporter.
 95729 | Depths:2 | Reached skill level 15 in Necromancy
 96929 | Depths:3 | Reached skill level 15 in Fire Magic
 97004 | Depths:3 | Found a one-way gate to the infinite horrors of the Abyss.
 97580 | Depths:3 | Reached skill level 15 in Conjurations
 97580 | Depths:3 | Reached skill level 15 in Hexes
 97580 | Depths:3 | Reached skill level 15 in Summonings
 97580 | Depths:3 | Reached skill level 15 in Translocations
 97580 | Depths:3 | Reached skill level 15 in Transmutations
 97580 | Depths:3 | Reached skill level 15 in Ice Magic
 97580 | Depths:3 | Reached skill level 15 in Air Magic
 97580 | Depths:3 | Reached skill level 15 in Earth Magic
 97580 | Depths:3 | Reached skill level 15 in Poison Magic
 97580 | Depths:3 | Reached skill level 15 in Shapeshifting
 97601 | Depths:3 | Found Ocaexi's Antique Weapon Shop.
 97695 | Depths:3 | Noticed a juggernaut
 97876 | Depths:3 | Killed a juggernaut
 98034 | Depths:3 | Reached XP level 26. HP: 211/211 MP: 44/44
 98090 | Depths:3 | Noticed a juggernaut
 98098 | Depths:3 | Killed a juggernaut
 99337 | Depths:3 | Identified the +7 plate armour of the Lair of Beasts
                  | {Rampage Will+}
 99339 | Depths:3 | Identified the +0 pair of gloves of Reason {rF+ Will+
                  | Str+3}
 99340 | Depths:3 | Identified the +2 kite shield "Ruorghen" {Str+2}
 99650 | Depths:3 | You fall into a shaft and drop 1 floor!
 99650 | Depths:4 | Entered Level 4 of the Depths
101343 | Depths:4 | Noticed a juggernaut
101350 | Depths:4 | Killed a juggernaut
101424 | Depths:4 | Found a portal to a secret trove of treasure.
101500 | Depths:4 | Found a gate to the Realm of Zot.
101743 | Zot:1    | Entered Level 1 of the Realm of Zot
101764 | Zot:1    | Noticed a Killer Klown
103414 | Zot:1    | HP: 8/211 [???[a Zot trap] (3)]
103972 | Depths:4 | Killed a Killer Klown
106262 | Zot:1    | Noticed a Killer Klown
106268 | Zot:1    | Killed a Killer Klown
106281 | Zot:1    | Noticed a Killer Klown
106301 | Zot:1    | Noticed a dread lich
106308 | Zot:1    | Killed a Killer Klown
106452 | Zot:1    | Killed a dread lich
106609 | Zot:1    | Reached XP level 27. HP: 203/219 MP: 45/45
106625 | Zot:1    | Noticed an orb of fire
106628 | Zot:1    | Gained mutation: Potions are less effective at restoring
                  | your health. [an orb of fire]
106632 | Zot:1    | Gained mutation: You are clumsy. (Dex -2) [an orb of fire]
106635 | Zot:1    | Gained mutation: You occasionally lose the ability to drink
                  | potions when taking damage. [an orb of fire]
106641 | Zot:1    | Killed an orb of fire
107532 | Zot:1    | Learned a level 7 spell: Haunt
108334 | Zot:1    | Lost mutation: Your spells are a little easier to cast, but
                  | a little less powerful. [potion of mutation]
108334 | Zot:1    | Lost mutation: You are clumsy. (Dex -2) [potion of
                  | mutation]
108334 | Zot:1    | Gained mutation: You are very dopey. (Int -4) [potion of
                  | mutation]
108334 | Zot:1    | Gained mutation: You are somewhat resistant to further
                  | mutation. [potion of mutation]
108335 | Zot:1    | Lost mutation: You are somewhat resistant to further
                  | mutation. [potion of mutation]
108335 | Zot:1    | Lost mutation: Your muscles are strong. (Str +4, Int/Dex
                  | -1) [potion of mutation]
108335 | Zot:1    | Gained mutation: You are covered in fur. (AC +1) [potion of
                  | mutation]
108336 | Zot:1    | Lost mutation: You are robust. (+10% HP) [potion of
                  | mutation]
108336 | Zot:1    | Lost mutation: You occasionally lose the ability to drink
                  | potions when taking damage. [potion of mutation]
108336 | Zot:1    | Lost mutation: You are covered in fur. (AC +1) [potion of
                  | mutation]
108336 | Zot:1    | Lost mutation: Potions are less effective at restoring your
                  | health. [potion of mutation]
108336 | Zot:1    | Gained mutation: You are robust. (+10% HP) [potion of
                  | mutation]
111715 | Zot:3    | Identified the +0 chain mail of Elitism {+Blink Stlth+}
111763 | Zot:3    | Found a transporter.
111766 | Zot:3    | Found the +11 Singing Sword {sonic wave}
111937 | Zot:3    | Found a transporter.
112409 | Zot:3    | Learned a level 7 spell: Summon Hydra
112420 | Zot:3    | Noticed an orb of fire
112420 | Zot:3    | Gained mutation: Potions are less effective at restoring
                  | your health. [an orb of fire]
112435 | Zot:3    | Gained mutation: You are weak. (Str -2) [an orb of fire]
112436 | Zot:3    | Killed an orb of fire
112531 | Zot:3    | Identified the ring "Wastiu Vaohu" {rF+ rN+ Will+ MP+9
                  | Dex-3}
112543 | Zot:3    | Identified the ring "Datena Mani" {Fire Str+6 Slay+4}
113311 | Zot:4    | HP: 11/222 [purple draconian/+2 glaive of venom (8)]
114737 | Zot:5    | Entered Level 5 of the Realm of Zot
115139 | Zig:1    | Entered Level 1 of a ziggurat
115155 | Zig:2    | Entered Level 2 of a ziggurat
115182 | Zig:3    | Entered Level 3 of a ziggurat
115194 | Zig:3    | Noticed Viufuofi the pandemonium lord
115209 | Zig:3    | Killed Viufuofi the pandemonium lord
115381 | Zig:4    | Entered Level 4 of a ziggurat
115639 | Zig:5    | Entered Level 5 of a ziggurat
115645 | Zig:5    | Noticed Boukonu the pandemonium lord
115661 | Zig:5    | HP: 6/222 [Boukonu the pandemonium lord/bolt of dispelling
                  | energy (13)]
115663 | Zig:5    | Killed from afar by Boukonu the pandemonium lord

Illustrated notes

Levels and vault maps discovered:
D:1:      lightli_arrival_quake, layout_loops_ring
D:2:      layout_basic
D:3:      cheibrodos_thug_alley, layout_rooms, nicolae_overflow_crystal_walls,
          mainiacjoe_overflow_small_starburst
D:4:      layout_gridville, nicolae_elyvilon_peaceful_grove, serial_shops,
          nicolae_shop_rolled_up, shop, nicolae_shop_advertising_works
          [nicolae_subvault_shop_adworks], minmay_shop_enchanted_jewellery,
          uniq_grinder, uniq_blork_the_orc, uniq_pikel
D:5:      cheibrodos_iron_armory, layout_basic, uniq_sigmund
D:6:      layout_rooms, minmay_temple_entry_glass,
          gammafunk_ghost_nasty_kobolds, uniq_menkaure
D:7:      minmay_cornered_nines, layout_cave_pools, enter_bailey_2,
          minmay_misc_feat_room, nicolae_the_louvre, uniq_crazy_yiuf_cottage
D:8:      layout_basic, david_lair_shrubbed, nicolae_shop_i_like_small_books_too
D:9:      layout_cave_pods, minmay_misc_feat_chi
D:10:     layout_rooms, corexii_corridor_pit, minivault_7, uniq_fannar
D:11:     layout_basic, portal_ice_cave_entry_imps, serial_shops,
          nicolae_shop_just_a_little_nook, shop, nicolae_shop_real_fake_doors,
          tso_metal_star, uniq_lodul, uniq_grum
D:12:     layout_rooms, david_orc_4, gammafunk_ghost_hydra_chop, serial_undead,
          serial_undead_e, serial_undead_a, serial_undead_d, serial_undead_b,
          trog_three_pillars_becter, uniq_snorg, uniq_erolcha
D:13:     minmay_glassy_protrusions, layout_basic, palyth_stone_intersect,
          serial_bayou_lagoon_b, uniq_josephine, uniq_rupert
D:14:     layout_long_grid, ximxim_vaults_locker_room, minmay_misc_feat_alley
D:15:     gammafunk_enter_depths_forms, layout_basic, kiku_gazebo_garden_becter,
          minmay_misc_feat_columns
Temple:   hellmonk_temple_divided_pantheon
Lair:1:   layout_layer_cave, minmay_lair_oklob_items, grunt_megastairs_3,
          infiniplex_staircase_pool, uniq_harold
Lair:2:   layout_long_grid, gauntlet_entry_generic, lemuel_fruit_fields
Lair:3:   layout_regular_city, nicolae_shoals_entry_roost, dummy_spider_entry,
          st_stairs_7, chequers_serial_rivers_large_b, wad_woods_02, uniq_kirke
Lair:4:   nzn_winding_woodlands_stair_trap [nzn_winding_woodlands_5x15_cabin,
          nzn_winding_woodlands_5x15_concentric,
          nzn_winding_woodlands_5x15_twine, nzn_winding_woodlands_15x15_eel_pit,
          nzn_winding_woodlands_5x15_longhouse,
          nzn_winding_woodlands_5x15_default,
          nzn_winding_woodlands_5x15_sawtooth], layout_regular_city,
          basic_altar, st_stairs_7, grunt_forest_small_clearing_treed
Lair:5:   guppyfry_lair_end_dragon, layout_big_grid,
          hangedman_lair_tendril_chambers, slime_entry_2, basic_altar,
          grunt_megastairs_5
Shoals:1: layout_shoals
Shoals:2: layout_shoals, gammafunk_ghost_berserking_beasts, serial_shops,
          nicolae_shop_window_shopping, uniq_louise
Shoals:3: layout_shoals, ebering_ghost_reflecting_pool,
          nicolae_shop_overcharged_wands, uniq_bai_suzhen
Shoals:4: shoals_end_hellmonk_lost_city, uniq_aizul, uniq_polyphemus
Spider:1: layout_spider_delve, nicolae_spider_swamp_cousins
Spider:2: layout_chambers
Spider:3: layout_spider_delve, nicolae_spider_cling_halls, uniq_roxanne
Spider:4: guppyfry_spider_rune
Orc:1:    layout_caves, guppyfry_library_mini
Orc:2:    grunt_orc_community_town_hall, layout_diamond_mine,
          grunt_orc_community_big_house_2, grunt_orc_community_big_house_1,
          grunt_orc_community_house_2, grunt_orc_community_house_1,
          grunt_orc_community_house_3, grunt_orc_community_house_2,
          grunt_orc_community_house_1, grunt_orc_community_house_1,
          serial_shops, shop
Elf:1:    eino_elf_arrival_altar, layout_loops_cross, minmay_elf_necromancy,
          dk_noncrumbling_3
Elf:2:    nicolae_elf_blades_splatter_lattice
          [nicolae_blade_entry_hurt_lockers], layout_geoelf_grid, basic_altar
Elf:3:    grunt_elf_hall_asides, layout_gridlike
Vaults:1: hangedman_vaults_nodes, nicolae_vaults_double_plus_2,
          nicolae_vaults_ninety_degrees, nicolae_vaults_network_square, st_eye,
          nicolae_vaults_diagonal_hallway_6, v_alt_pattern_3,
          nicolae_vaults_house_1, v_misc_28, grunt_vaults_trifunnel,
          nicolae_vaults_closet_pinwheel_2, nicolae_vaults_little_squares_5,
          layout_vaults_omnicross, uniq_saint_roka
Vaults:2: vaults_mumra_chevron_long, nicolae_vaults_tetromino_L_1, v_misc_22,
          nicolae_vaults_hexular_roomagon, nicolae_vaults_security_offices_3,
          nicolae_vaults_steering_wheel, vaults_room_door_ring,
          ontoclasm_vaults_idyll, ontoclasm_vaults_loading_screen, v_misc_24,
          nicolae_vaults_hallways_thing, nicolae_vaults_trapezoid_4,
          nicolae_vaults_back_hallway, layout_vaults_maze_bifur
Vaults:3: ebering_ghost_xom, nicolae_vaults_house_2, v_rooms_2, v_alt_pattern_1,
          nicolae_vaults_closet_pinwheel_3, v_rooms_4,
          nicolae_vaults_tetromino_L_1, vaults_room_pool,
          nicolae_vaults_frosty_reception, nicolae_vaults_angled_halls,
          nicolae_vaults_triangles, minmay_crypt_entry_simple_statues,
          nicolae_vaults_murderbox, v_misc_2, layout_vaults_ring, serial_shops,
          shop
Vaults:4: grunt_vaults_hallway_short, grunt_vaults_hallway_long, v_misc_32,
          nicolae_vaults_diamond_1, nicolae_vaults_network_star,
          nicolae_vaults_house_1, hangedman_vaults_river_flow,
          layout_vaults_quadrants, uniq_mennas
Vaults:5
Crypt:1:  layout_misc_corridors, minmay_strange_pillars
Crypt:2:  layout_rooms, grunt_ministairs_7
Crypt:3:  lightli_unholy_cathedral, layout_chaotic_city,
          tomb_entry_shell_bobbens, roderic_lattice_octagonal_star
Tomb:1
Depths:1: layout_basic, rand_demon_pan_entry_7, hell_entry,
          grunt_decor_arrowhead, minmay_the_grid_square_5x5_3x3_mashed
          [minmay_the_grid_square_5x5_n_small,
          minmay_the_grid_square_5x5_eight_small,
          minmay_the_grid_square_5x5_doubleslash,
          minmay_the_grid_square_5x5_spiral_small,
          minmay_the_grid_square_5x5_megaprize_checkered,
          minmay_the_grid_square_5x5_three_small,
          minmay_the_grid_square_5x5_minimal,
          minmay_the_grid_square_5x5_inner_z,
          minmay_the_grid_square_5x5_six_small], serial_bayou_shore_b,
          minmay_shop_grove, uniq_mara
Depths:2: gammafunk_sealed_library, layout_cave_pools, enter_ziggurat_a,
          rand_demon_pan_entry_5, kennysheep_another_room, hell_entry,
          nicolae_shop_firing_range, minmay_staircase_bubble
Depths:3: lemuel_castle_with_subvaults [lemuel_castle_interior_original],
          layout_cave_pools, abyss_entry, serial_shops, kennysheep_little_box,
          serial_rivers, chequers_serial_rivers_micro_a,
          chequers_serial_rivers_large_a, chequers_serial_rivers_marsh,
          chequers_serial_rivers_marsh, chequers_serial_rivers_small_3,
          chequers_serial_rivers_micro_a, hell_entry, minmay_staircase_statues,
          serial_bayou_shore_b
Depths:4: evilmike_zot_entry_diamond, layout_cave_shapes,
          chequers_serial_rivers_micro_e, grunt_hell_horde, special_room
          [special_room_mythical_zoo], abyss_entry,
          nicolae_trove_entry_free_sample
Zot:1:    ebering_klown_carousel, layout_concentric_octagons, skrybe_zot_glass_1
Zot:2:    layout_misc_corridors, zot_minivault_1, lemuel_elevator
Zot:3:    gammafunk_its_a_trap, layout_misc_corridors
Zot:4:    layout_basic
Zot:5:    layout_misc_corridors
Zig:5

Skill      XL: |  1  2  3  4  5  6  7  8  9 10 11 12 13 14 15 16 17 18 19 20 21 22 23 24 25 26 27 |
---------------+----------------------------------------------------------------------------------+-----
Invocations    | 1 2 3 4 6 7 8 9 10 11 12 13 14 15 16 17 18 19 20 | 20.8
Short Blades   | 1 2 3 6 7 8 9 10 11 12 13 14 15 16 17 18 19 | 19.2
Long Blades    | 1 2 3 6 7 8 9 10 11 12 13 14 15 16 17 18 19 | 19.2
Axes           | 1 2 3 6 7 8 9 10 11 12 13 14 15 16 17 18 19 | 19.2
Maces & Flails | 1 2 3 6 7 8 9 10 11 12 13 14 15 16 17 18 19 | 19.2
Polearms       | 1 2 3 6 7 8 9 10 11 12 13 14 15 16 17 18 19 | 19.2
Staves         | 1 2 3 6 7 8 9 10 11 12 13 14 15 16 17 18 19 | 19.2
Ranged Weapons | 1 2 3 6 7 8 9 10 11 12 13 14 15 16 17 18 19 | 19.2
Throwing       | 1 2 3 6 7 8 9 10 11 12 13 14 15 16 17 18 19 | 19.2
Shields        | 1 2 3 6 7 8 9 10 11 12 13 14 15 16 17 18 19 | 19.2
Unarmed Combat | 1 2 3 6 7 8 9 10 11 12 13 14 15 16 17 18 19 | 19.2
Spellcasting   | 1 2 3 6 7 8 9 10 11 12 13 14 15 16 17 18 19 | 19.2
Conjurations   | 1 2 3 5 6 7 8 9 10 11 12 13 14 15 16 | 16.4
Hexes          | 1 2 3 5 6 7 8 9 10 11 12 13 14 15 16 | 16.4
Summonings     | 1 2 3 5 6 7 8 9 10 11 12 13 14 15 16 | 16.4
Necromancy     | 1 2 3 5 6 7 8 9 10 11 12 13 14 15 16 18 | 18.0
Translocations | 1 2 3 5 6 7 8 9 10 11 12 13 14 15 16 | 16.4
Transmutations | 1 2 3 5 6 7 8 9 10 11 12 13 14 15 16 | 16.4
Fire Magic     | 1 2 3 5 6 7 8 9 10 11 12 13 14 15 16 17 | 17.8
Ice Magic      | 1 2 3 5 6 7 8 9 10 11 12 13 14 15 16 | 16.4
Air Magic      | 1 2 3 5 6 7 8 9 10 11 12 13 14 15 16 | 16.4
Earth Magic    | 1 2 3 5 6 7 8 9 10 11 12 13 14 15 16 | 16.4
Poison Magic   | 1 2 3 5 6 7 8 9 10 11 12 13 14 15 16 | 16.4
Shapeshifting  | 1 2 3 5 6 7 8 9 10 11 12 13 14 15 16 | 16.4
Fighting       | 3 4 6 7 8 9 10 11 12 13 14 15 16 17 18 19 | 19.4
Dodging        | 3 4 6 7 8 9 10 11 12 13 14 15 16 17 18 19 | 19.4
Stealth        | 3 4 6 7 8 9 10 11 12 13 14 15 16 17 18 19 | 19.3
Armour         | 5 6 7 8 9 10 11 12 13 14 15 16 17 18 19 | 19.7
Evocations     | 7 9 10 11 12 13 14 15 16 17 18 19 20 | 20.1

Action                     |  1- 3 |  4- 6 |  7- 9 | 10-12 | 13-15 | 16-18 | 19-21 | 22-24 | 25-27 || total
---------------------------+-------+-------+-------+-------+-------+-------+-------+-------+-------++-------
  Melee: Dagger            |   158 |    42 |       |       |       |       |       |       |       ||   200
         Club              |     4 |       |       |       |       |       |       |       |       ||     4
         Short sword       |     3 |       |       |       |       |       |       |       |       ||     3
         Bite              |    12 |    20 |    19 |    31 |   117 |   164 |   171 |   197 |   272 ||  1003
         Spear             |       |   156 |    27 |       |       |       |       |       |       ||   183
         Punch             |       |     1 |     7 |    14 |    17 |       |       |     1 |       ||    40
         Long sword        |       |       |   132 |       |       |       |       |       |       ||   132
         Demon trident     |       |       |    46 |   488 |   931 |  1554 |  1628 |  1521 |  1567 ||  7735
         Unarmed           |       |       |       |       |       |       |       |    12 |       ||    12
         Tailslap          |       |       |       |       |       |       |       |     1 |       ||     1
         Double sword      |       |       |       |       |       |       |       |       |    27 ||    27
   Cast: Wereblood         |       |       |       |       |     1 |       |     4 |       |       ||     5
         Iskenderun's Myst |       |       |       |       |       |     2 |       |     4 |     3 ||     9
         Summon Mana Viper |       |       |       |       |       |     1 |     7 |    43 |    44 ||    95
         Irradiate         |       |       |       |       |       |       |       |     6 |       ||     6
         Manifold Assault  |       |       |       |       |       |       |       |     5 |       ||     5
         Silence           |       |       |       |       |       |       |       |     1 |       ||     1
         Summon Hydra      |       |       |       |       |       |       |       |       |    11 ||    11
         Haunt             |       |       |       |       |       |       |       |       |     5 ||     5
         Blink             |       |       |       |       |       |       |       |       |     3 ||     3
 Invoke: Ancestor Life: Ba |       |       |       |     1 |       |       |       |       |       ||     1
         Recall Ancestor   |       |       |       |     3 |     4 |     7 |     3 |     6 |    12 ||    35
  Evoke: Wand              |       |     9 |    23 |    11 |     1 |    13 |     5 |     3 |     1 ||    66
         Lightning rod     |       |       |       |       |       |       |     1 |       |       ||     1
    Use: Potion            |       |     2 |     1 |     1 |     1 |     7 |       |       |     8 ||    20
         Scroll            |       |       |    15 |    12 |     6 |    19 |     6 |     9 |    12 ||    79
   Stab: Sleeping          |     7 |       |       |       |     9 |    16 |     7 |     2 |     6 ||    47
         Distracted        |       |       |       |     5 |    24 |    34 |    38 |    35 |    46 ||   182
         Held in net/web   |       |       |       |       |       |       |     1 |       |       ||     1
 Armour: Leather armour    |    13 |       |       |       |       |       |       |       |       ||    13
         Ring mail         |    11 |       |       |       |       |       |       |       |       ||    11
         Chain mail        |     7 |   107 |   111 |       |       |       |       |       |       ||   225
         Plate armour      |       |       |    35 |   209 |   196 |   306 |   425 |   466 |   917 ||  2554
         Scale mail        |       |       |       |    46 |   201 |   409 |       |       |       ||   656
         Skin              |       |       |       |       |       |       |       |     2 |       ||     2
  Dodge: Dodged            |    77 |    61 |    75 |   132 |   296 |   580 |   212 |   334 |   697 ||  2464
  Block: Kite shield       |       |       |       |       |   425 |  1120 |   754 |   809 |  1003 ||  4111
         Reflection        |       |       |       |       |     5 |    59 |   113 |    51 |       ||   228
         Form:             |       |       |       |       |       |       |       |     2 |       ||     2
         Dragon            |       |       |       |       |       |       |       |     2 |       ||     2

Table legend: (Time is in decaauts)
 A = Elapsed time spent in this place.
 B = Non-inter-level travel time spent in this place.
 C = Inter-level travel time spent in this place.
 D = Time resting spent in this place.
 E = Time spent auto-exploring this place.
 F = Levels seen in this place.
 G = Mean time per level.
                   A        B        C        D        E       F      G
               +--------+--------+--------+--------+--------+-----+--------+
         Total | 114254 | 108152 |   6102 |  39312 |  49425 |  60 | 1904.2 |
       Dungeon |  22433 |  20000 |   2433 |   5128 |  11400 |  15 | 1495.5 |
        Temple |     67 |     38 |     29 |      0 |      0 |   1 |   67.0 |
          Lair |  14489 |  13858 |    631 |   3945 |   7573 |   5 | 2897.8 |
        Shoals |   7537 |   7354 |    183 |   2029 |   3775 |   4 | 1884.2 |
   Spider Nest |   7698 |   7540 |    158 |   2431 |   3999 |   4 | 1924.5 |
  Orcish Mines |   2943 |   2774 |    169 |    881 |   1398 |   2 | 1471.5 |
   Elven Halls |   5058 |   4819 |    239 |    776 |   3278 |   3 | 1686.0 |
        Vaults |  17964 |  16778 |   1186 |   7104 |   6940 |   5 | 3592.8 |
         Crypt |   6214 |   5989 |    225 |   2122 |   2790 |   3 | 2071.3 |
          Tomb |   2964 |   2882 |     82 |   1072 |   1009 |   1 | 2964.0 |
        Depths |  13261 |  12849 |    412 |   7620 |   3057 |   4 | 3315.2 |
           Zot |   8779 |   8430 |    349 |   4235 |   2710 |   5 | 1755.8 |
      Ziggurat |    503 |    503 |      0 |    379 |      0 |   5 |  100.6 |
        Bailey |   1257 |   1257 |      0 |    251 |    724 |   1 | 1257.0 |
      Ice Cave |   2252 |   2252 |      0 |   1234 |    488 |   1 | 2252.0 |
      Gauntlet |    828 |    828 |      0 |    103 |    281 |   1 |  828.0 |
               +--------+--------+--------+--------+--------+-----+--------+

Top non-repeatable levels by time:
  Lair:3: 6965 daAuts
Vaults:4: 5710 daAuts
    D:15: 4261 daAuts
Depths:4: 4085 daAuts
Vaults:1: 3994 daAuts
Vaults:3: 3905 daAuts
Depths:2: 3827 daAuts
Depths:3: 3471 daAuts
   Zot:1: 3324 daAuts
  Tomb:1: 2964 daAuts
 Crypt:3: 2857 daAuts
   Elf:2: 2606 daAuts
Spider:1: 2558 daAuts
Shoals:2: 2542 daAuts
Vaults:5: 2534 daAuts
